 Dungeon Crawl Stone Soup version 0.27.1-34-g3ba077fa99 (webtiles) character file.

Game seed: 6553608694373883338

20488 ticklebelly the Cleaver (level 12, -1/118 HPs)
             Began as a Minotaur Berserker on Jan 5, 2022.
             Was an Elder of Trog.
             Slain by a blink frog (7 damage)
             ... on level 2 of the Lair of Beasts.
             The game lasted 00:33:25 (16375 turns).

ticklebelly the Cleaver (Minotaur Berserker)       Turns: 16375, Time: 00:33:26

Health: -1/118     AC: 21    Str: 27    XL:     12   Next: 45%
Magic:  11/11      EV:  9    Int:  4    God:    Trog [****..]
Gold:   712        SH:  0    Dex: 10    Spells: 11/11 levels left

rFire    . . .     SeeInvis .   o - +2 war axe
rCold    . . .     Faith    .   (no shield)
rNeg     . . .     Spirit   .   x - +0 plate armour
rPois    +         Reflect  .   f - +0 hat
rElec    .         Harm     .   (no cloak)
rCorr    .         Rampage  .   z - +0 pair of gloves
Will     .....                  (no boots)
Stlth    ..........             (no amulet)
HPRegen  0.29/turn              u - +4 ring of protection
MPRegen  0.12/turn              F - ring of poison resistance

@: on berserk cooldown
A: horns 2, retaliatory headbutt
a: Renounce Religion, Berserk, Trog's Hand, Brothers in Arms


You were on level 2 of the Lair of Beasts.
You worshipped Trog.
Trog was greatly pleased with you.
You visited 2 branches of the dungeon, and saw 12 of its levels.

You collected 712 gold pieces.

Inventory:

Hand Weapons
 a - a +0 hand axe
 o - a +2 war axe (weapon)
 v - a +4 flail of freezing
Missiles
 G - 2 boomerangs (quivered)
 H - 6 javelins
Armour
 d - a +0 chain mail
 f - a +0 hat (worn)
 s - a +0 kite shield
 x - a +0 plate armour (worn)
 z - a +0 pair of gloves (worn)
Jewellery
 u - a +4 ring of protection (left hand)
 B - a +4 ring of protection
 F - a ring of poison resistance (right hand)
Wands
 t - a wand of flame (43)
 C - a wand of iceblast (12)
 J - a wand of digging (3)
Scrolls
 b - 3 scrolls of immolation {unknown}
 g - 2 scrolls of teleportation {unknown}
 h - 5 scrolls of amnesia {unknown}
 j - a scroll of brand weapon {unknown}
 n - 13 scrolls of identify {unknown}
 p - a scroll of torment {unknown}
 q - 2 scrolls of fog {unknown}
 r - 3 scrolls of enchant armour {unknown}
 y - a scroll of acquirement {unknown}
 E - 2 scrolls of magic mapping {unknown}
 I - a scroll of blinking {unknown}
 K - 4 scrolls of noise {unknown}
Potions
 c - a potion of curing
 e - a potion of lignification {unknown}
 i - 4 potions of flight {unknown}
 k - 3 potions of heal wounds {unknown}
 l - 3 potions of ambrosia {unknown}
 m - 4 potions of degeneration {unknown}
 w - a potion of resistance {unknown}
 A - a potion of mutation {unknown}
 D - 2 potions of brilliance {unknown}
 L - a potion of haste {unknown}
 M - a potion of magic {unknown}


   Skills:
 + Level 14.9 Fighting
 + Level 14.9 Axes
 + Level 12.2 Armour
 - Level 4.0 Dodging


You had 11 spell levels left.
You didn't know any spells.
Your spell library was empty.

Dungeon Overview and Level Annotations

Branches:
Dungeon (10/15)            Temple (0/1) D:5            Lair (2/6) D:10
    Orc (0/2) D:9
  Swamp: Lair:2-4    Shoals: Lair:2-4     Snake: Lair:2-4    Spider: Lair:2-4

Altars:
Ashenzari
Cheibriados
Elyvilon
Kikubaaqudgha
Makhleb
Nemelex Xobeh
Sif Muna
Trog
Vehumet
Wu Jian
Xom
Yredelemnul

Shops:
D:1 [   D:3 *   D:5 !

Annotations:
D:9 exclusion: orange crystal statue


Innate Abilities, Weirdness & Mutations

You have a pair of horns on your head.
You reflexively headbutt those who attack you in melee.


Message History

You closely miss the black mamba.
The black mamba is almost dead.
You hear a loud, deep croak!
The black mamba bites you but does no damage.
The blink frog blinks!
The black mamba bites you!
* * * LOW HITPOINT WARNING * * *
You slash the black mamba!
You kill the black mamba!
Trog accepts your kill. The blink frog misses you.
You slash the blink frog!
You kill the blink frog!
Trog accepts your kill.
You slash the yak! You headbutt the yak!
The yak is heavily wounded.
The yak closely misses you.
You slash the yak! Your headbutt misses the yak.
The yak is almost dead.
The yak gores you.
* * * LOW HITPOINT WARNING * * *
You slash the yak!
You kill the yak!
Trog accepts your kill.
The blink frog hits you but does no damage.
The blink frog barely misses you.
Things that are here:
a blink frog corpse; a rime drake corpse You hit the blink frog.
The blink frog is almost dead.
The blink frog hits you but does no damage.
The blink frog closely misses you.
You barely miss the blink frog. Your headbutt misses the blink frog.
The blink frog is almost dead.
The blink frog hits you.
* * * LOW HITPOINT WARNING * * *
You miss the blink frog. Your headbutt misses the blink frog.
The blink frog is almost dead.
You feel yourself speed up. The blink frog hits you!
You die...

................ .>....#
........................
......................
.....................
.......... .§....#
#..#..### #.#.## ###...#
#†..# ##...# #F.##
#.#..# #@.# ##...# #.†#
#...# ##†# ##..### #.†#
# ##....# #..## P#
#...### #...###..# #...#
##......P#
##..###########.......#
#....................#


You could see a blink frog.

Vanquished Creatures
  A boulder beetle (D:9)
  3 hydras
  A two-headed ogre (D:9)
  Erica (D:9)
  Urug (D:10)
  Joseph (D:10)
  A black mamba (Lair:2)
  4 cane toads (Lair:1)
  2 rime drakes
  A komodo dragon (Lair:2)
  An unseen horror (D:10)
  2 trolls (D:10)
  A hornet (D:4)
  9 blink frogs
  15 yaks
  Sigmund (D:4)
  3 basilisks (Lair:1)
  A wyvern (D:9)
  2 steam dragons
  An acid dragon (D:9)
  5 water moccasins
  An ice beast (D:5)
  3 orc warriors (D:7)
  A black bear (D:4)
  A sky beast (D:6)
  5 ogres
  5 wolves
  2 centaurs (D:10)
  3 phantoms
  A kobold brigand (D:8)
  7 bullfrogs
  2 gnoll sergeants (D:9)
  5 scorpions
  A wyvern zombie (D:7)
  6 killer bees (D:6)
  7 wights
  3 electric eels
  4 lava snakes (D:9)
  2 centaur zombies
  8 hounds
  A jelly (D:5)
  2 bullfrog skeletons
  2 gnoll shamans
  5 orc priests
  A centaur skeleton (D:6)
  5 iguanas
  5 orc wizards
  A killer bee zombie (D:5)
  2 hound skeletons (D:4)
  16 gnolls
  6 adders
  A shadow imp (D:5)
  2 white imps
  3 ufetubi
  An adder zombie (D:4)
  2 adder skeletons (D:4)
  A worm (D:4)
  3 dart slugs
  15 orcs
  4 bats
  9 endoplasms
  2 giant cockroaches (D:1)
  6 goblins
  10 hobgoblins
  10 jackals
  8 kobolds
  A quokka (D:2)
  10 ball pythons
  3 frilled lizards
  2 rats
263 creatures vanquished.

Vanquished Creatures (collateral kills)
  A boulder beetle (Lair:1)
  The ghost of zeram the Cudgeller, a novice TrSu of Dithmenos (D:7)
  A moth of wrath (D:7)
  2 komodo dragons (Lair:2)
  A troll (D:7)
  3 blink frogs (Lair:2)
  8 yaks (Lair:2)
  A wyvern (Lair:2)
18 creatures vanquished.

Vanquished Creatures (others)
  3 orcs (D:9)
  8 fungi
  16 plants
  4 withered plants (D:7)
31 creatures vanquished.

Grand Total: 312 creatures vanquished

Notes
Turn   | Place    | Note
-------+----------+-------------------------------------------
     0 | D:1      | ticklebelly the Minotaur Berserker began the quest for the
                  | Orb.
     0 | D:1      | Reached XP level 1. HP: 19/19 MP: 0/0
   285 | D:1      | Reached XP level 2. HP: 27/27 MP: 1/1
   769 | D:1      | Reached XP level 3. HP: 34/34 MP: 2/2
   826 | D:1      | Found Daodymam's Armour Shop.
  1302 | D:2      | Found a burning altar of Makhleb.
  1314 | D:2      | Reached ** piety under Trog
  2047 | D:3      | Found Itrarroa's Assorted Antiques.
  2114 | D:3      | Reached XP level 4. HP: 40/41 MP: 3/3
  2274 | D:3      | Reached skill level 5 in Fighting
  2330 | D:3      | Reached skill level 5 in Axes
  2814 | D:4      | Reached XP level 5. HP: 39/50 MP: 4/4
  3126 | D:4      | Found a white marble altar of Elyvilon.
  3504 | D:4      | Noticed an ogre
  3518 | D:4      | Killed an ogre
  3519 | D:4      | Reached XP level 6. HP: 49/58 MP: 5/5
  3519 | D:4      | Reached *** piety under Trog
  3619 | D:4      | Reached XP level 7. HP: 35/66 MP: 6/6
  3859 | D:4      | Noticed Sigmund
  3864 | D:4      | Killed Sigmund
  3950 | D:4      | Noticed a hornet
  3958 | D:4      | Paralysed by a hornet for 3 turns
  3964 | D:4      | Killed a hornet
  4518 | D:5      | Entered Level 5 of the Dungeon
  4528 | D:5      | Reached XP level 8. HP: 64/74 MP: 7/7
  4574 | D:5      | Found a staircase to the Ecumenical Temple.
  5340 | D:5      | Reached skill level 5 in Armour
  5878 | D:5      | Reached **** piety under Trog
  6023 | D:5      | Found Acurant's Distillery.
  6206 | D:6      | Reached XP level 9. HP: 13/84 MP: 8/8
  6207 | D:6      | HP: 3/84 [poisoned by a killer bee]
  7904 | D:7      | Found a bloodstained altar of Trog.
  7910 | D:7      | Found a transporter.
  7916 | D:7      | Noticed zeram's ghost (novice TrSu)
  7917 | D:7      | Noticed a moth of wrath
  7918 | D:7      | Noticed a troll
  7919 | D:7      | Found a bloodstained altar of Trog.
  7927 | D:7      | Killed a moth of wrath
  7928 | D:7      | Reached skill level 10 in Fighting
  7928 | D:7      | Reached skill level 10 in Axes
  7929 | D:7      | Found a transporter.
  7932 | D:7      | Killed a troll
  7935 | D:7      | Killed zeram's ghost
  8349 | D:7      | Found an ancient bone altar of Kikubaaqudgha.
  9021 | D:7      | Reached XP level 10. HP: 94/94 MP: 9/9
  9582 | D:8      | Found a shimmering blue altar of Sif Muna.
  9614 | D:8      | Found a snail-covered altar of Cheibriados.
  9818 | D:8      | Found a shimmering altar of Xom.
 10115 | D:8      | Found a basalt altar of Yredelemnul.
 10557 | D:9      | Noticed a two-headed ogre
 10567 | D:9      | Killed a two-headed ogre
 10634 | D:9      | Reached skill level 10 in Armour
 10749 | D:9      | Noticed an orange crystal statue
 10819 | D:9      | Found a staircase to the Orcish Mines.
 11629 | D:9      | Noticed a boulder beetle
 11654 | D:9      | Killed a boulder beetle
 12143 | D:10     | Entered Level 10 of the Dungeon
 12155 | D:10     | Noticed Joseph
 12169 | D:10     | Killed Joseph
 12170 | D:10     | Reached XP level 11. HP: 68/105 MP: 10/10
 12342 | D:10     | Noticed Erica
 12343 | D:10     | Noticed Urug
 12481 | D:9      | Killed Erica
 12735 | D:10     | Killed Urug
 13115 | D:10     | Found a sparkling altar of Nemelex Xobeh.
 13151 | D:10     | Found a radiant altar of Vehumet.
 13399 | D:10     | Found a staircase to the Lair.
 13667 | D:10     | Found a broken altar of Ashenzari.
 13669 | D:10     | Found an ornate altar of the Wu Jian Council.
 13824 | Lair:1   | Entered Level 1 of the Lair of Beasts
 14636 | Lair:1   | Noticed a seven-headed hydra
 14644 | Lair:1   | Killed a seven-headed hydra
 14955 | Lair:1   | Noticed a boulder beetle
 14989 | Lair:1   | Killed a boulder beetle
 14990 | Lair:1   | Reached XP level 12. HP: 21/117 MP: 11/11
 15671 | Lair:2   | Noticed a five-headed hydra
 15687 | Lair:2   | Killed a five-headed hydra
 16317 | Lair:2   | Noticed a six-headed hydra
 16325 | Lair:2   | Killed a six-headed hydra
 16375 | Lair:2   | Slain by a blink frog

Illustrated notes

Levels and vault maps discovered:
D:1:      dpeg_arrival_rhombi, layout_loops_ring, serial_shops, shop_fountains,
          serial_park_tiny_pond, roderic_lattice_a, hangedman_decor_slide_cut,
          minmay_small_reverse_x
D:2:      layout_basic, basic_altar
D:3:      layout_basic, serial_shops, nicolae_square_shop,
          chequers_serial_rivers_small_b
D:4:      minmay_recursive_quarters, layout_rooms,
          mainiacjoe_overflow_concentric_impassable, minmay_quantized,
          uniq_sigmund
D:5:      layout_gridville, temple_pool_b, serial_shops, nicolae_shop_crystal,
          minivault_19, chequers_serial_rivers_micro_e
D:6:      layout_loops_corners, serial_bayou_pond_c, st_stairs_7
D:7:      layout_loops_ring, kiku_gazebo_garden_becter, bloody_trog,
          gammafunk_ghost_wrathful_warriors, minmay_misc_feat_rugged,
          st_stairs_3, hangedman_decor_diamond_cutter,
          chequers_serial_rivers_small_b, kennysheep_generic_room_3
D:8:      layout_loops_cross, mainiacjoe_overflow_boulevard,
          amcnicky_altar_gilded, chequers_mini_garden, hangedman_feature_mirror
D:9:      layout_long_grid, david_orc_2, hangedman_decor_lopped, disabler_island
D:10:     layout_irregular_city, mainiacjoe_overflow_big_doors,
          mainiacjoe_overflow_catch_the_wave, erik_lair_island, uniq_erica,
          uniq_joseph, uniq_urug
Lair:1:   layout_long_grid, nzn_sisyphean_effort
Lair:2:   layout_chaotic_city, serial_bayou_shore_a, uniq_nergalle

Skill      XL: |  1  2  3  4  5  6  7  8  9 10 11 12 |
---------------+-------------------------------------+-----
Fighting       | 4 5 6 7 8 9 10 12 14 | 14.9
Axes           | 4 5 6 7 8 9 10 12 14 | 14.9
Armour         | 4 6 8 10 11 12 | 12.2
Dodging        | 3 4 |  4.0

Action                   |  1- 3 |  4- 6 |  7- 9 | 10-12 || total
-------------------------+-------+-------+-------+-------++-------
Melee: Hand axe          |    88 |   122 |   210 |       ||   420
       Headbutt          |    11 |    20 |    40 |    82 ||   153
       War axe           |       |       |    42 |   364 ||   406
       Flail             |       |       |     9 |    32 ||    41
Throw: Boomerang         |       |       |       |    60 ||    60
Invok: Berserk           |       |     3 |     7 |     9 ||    19
       Trog's Hand       |       |       |     1 |     4 ||     5
       Brothers in Arms  |       |       |     1 |     2 ||     3
  Use: Potion            |       |       |     1 |       ||     1
Armor: Chain mail        |    53 |    62 |    87 |       ||   202
       Animal skin       |     2 |       |       |       ||     2
       Plate armour      |       |       |    11 |   318 ||   329
Dodge: Dodged            |    47 |    51 |   104 |   180 ||   382
